 Dungeon Crawl Stone Soup version 0.21.1-1-g345015fe64 (webtiles) character file.

45 Dickchan the Ruffian (level 3, 0/28 HPs)
             Began as a Draconian Transmuter on May 5, 2018.
             Slain by a gnoll
             ... wielding a +1 flail of draining
              (5 damage)
             ... on level 1 of the Dungeon.
             The game lasted 00:02:21 (1111 turns).

Dickchan the Ruffian (Draconian Transmuter)         Turns: 1111, Time: 00:02:22

Health: 0/28       AC:  6    Str: 12    XL:     3   Next: 42%
Magic:  0/6        EV: 11    Int: 14    God:
Gold:   84         SH:  0    Dex: 11    Spells: 2/6 levels left

rFire    . . .     SeeInvis .     - Unarmed
rCold    . . .     Gourm    .   (no shield)
rNeg     . . .     Faith    .   (armour unavailable)
rPois    .         Spirit   .   (helmet restricted)
rElec    .         Reflect  .   (no cloak)
rCorr    .         Harm     .   i - +0 pair of gloves
MR       .....                  (no boots)
Stlth    +.........             (no amulet)
HPRegen  0.09/turn              (no ring)
MPRegen  0.10/turn              (no ring)

@: very slightly contaminated, drained
A: unfitting armour, cold-blooded, AC +5
a: no special abilities


You were on level 1 of the Dungeon.
You were near starving.

You visited 1 branch of the dungeon, and saw 2 of its levels.

You collected 84 gold pieces.

Inventory:

Missiles
 a - 12 arrows
Armour
 i - a +0 pair of gloves (worn)
Scrolls
 f - a scroll of enchant armour {unknown}
 g - 5 scrolls of remove curse {unknown}
 j - a scroll of identify {unknown}
 l - a scroll of noise {unknown}
 o - a scroll of immolation {unknown}
 q - a scroll of amnesia {unknown}
Potions
 d - a potion of haste {unknown}
 e - a potion of berserk rage {unknown}
 h - a potion of curing {unknown}
 k - a potion of flight {unknown}
 n - a potion of cancellation {unknown}
 p - a potion of heal wounds {unknown}
Books
 b - a book of Changes

   Spells                             Type                      Level
   a - Beastly Appendage              Transmutation                1
   b - Sticks to Snakes               Transmutation                2
   c - Spider Form                    Transmutation/Poison         3
   d - Ice Form                       Ice/Transmutation            4
   e - Blade Hands                    Transmutation                5
 m - a book of Annihilations

   Spells                             Type                      Level
   a - Poison Arrow                   Conjuration/Poison           6
   b - Chain Lightning                Conjuration/Air              8
   c - Lehudib's Crystal Spear        Conjuration/Earth            8
   d - Glaciate                       Conjuration/Ice              9
   e - Fire Storm                     Conjuration/Fire             9
Comestibles
 c - 5 rations


   Skills:
 - Level 1.1(0.2) Fighting
 - Level 1.7(0.9) Dodging
 + Level 3.8(2.9) Unarmed Combat
 - Level 2.0(1.1) Spellcasting
 + Level 3.0(2.2) Transmutations


You had 2 spell levels left.
You knew the following spells:

 Your Spells              Type           Power        Failure   Level  Hunger
a - Beastly Appendage     Tmut           #.....       11%         1    ##.....
b - Spider Form           Tmut/Pois      #.........   45%         3    ####...


Dungeon Overview and Level Annotations

Branches:
Dungeon (2/15)

Altars:
Dithmenos
Okawaru


Innate Abilities, Weirdness & Mutations

Your plain brown scales are hard. (AC +5)
You cannot fit into any form of body armour.
You are cold-blooded and may be slowed by cold attacks.


Message History

A mysterious force pulls you upwards. The hatch slams shut behind you.
Your magical contamination has completely faded away.
There is an empty arch of ancient stone here.
There is a stone staircase leading down here.
Casting: Spider Form
Confirm with . or Enter, or press ? or * to list all spells.
You miscast Spider Form.
You are very lightly contaminated with residual magic.
You hear a crunching sound.
You hit the gnoll.
The gnoll is heavily wounded.
The gnoll hits you with a flail of draining.
* * * LOW HITPOINT WARNING * * *
You feel drained.
Casting: Spider Form
Confirm with . or Enter, or press ? or * to list all spells.
You miscast Spider Form.
Strange energies run through your body.
You are near starving!
The gnoll hits you with a flail of draining.
You die...

###..######.............###.####.
##.# ###.8.♣.8.♣.8.###..##...
##.#####.#...........#.........
#........#############..####...
#...)......#..## #....(.....
#.......#####..# ##.........
#.......# #..# #..##.##...
######### ##.# ##.###...... #@#
##..# ###.... #g####..## #....
#...##.## #.... ###.>..# #....
###### #.... ##... ##.. ###


You could see a gnoll.

Vanquished Creatures
  2 worms (D:2)
  A dart slug (D:1)
  A leopard gecko (D:1)
  5 bats
  3 giant cockroaches
  3 goblins
  4 hobgoblins
  A ball python (D:1)
  A frilled lizard (D:1)
  7 kobolds (D:1)
  8 rats
36 creatures vanquished.

Vanquished Creatures (others)
  A plant (D:1)
1 creature vanquished.

Grand Total: 37 creatures vanquished

Notes
Turn   | Place    | Note
-------+----------+-------------------------------------------
     0 | D:1      | Dickchan the Draconian Transmuter began the quest for the Orb.
     0 | D:1      | Reached XP level 1. HP: 16/16 MP: 3/3
    81 | D:1      | Reached XP level 2. HP: 20/23 MP: 3/5
   562 | D:1      | Reached XP level 3. HP: 24/28 MP: 4/6
   570 | D:1      | Learned a level 3 spell: Spider Form
   612 | D:2      | Found an iron altar of Okawaru.
   779 | D:2      | Found a shadowy altar of Dithmenos.
  1111 | D:1      | Slain by a gnoll

Skill      XL: |  1  2  3 |
---------------+----------+-----
Transmutations | 3 |  3.0
Fighting       | |  1.1
Dodging        | |  1.7
Unarmed Combat | |  3.8
Spellcasting   | |  2.0

Action                   || total
-------------------------++-------
Melee: Unarmed           ||   139
       Kick              ||    13
       Tailslap          ||    15
       Punch             ||     1
 Cast: Beastly Appendage ||     7
       Spider Form       ||     1
 Stab: Sleeping          ||     1
Armor: Skin              ||    54
Dodge: Dodged            ||    89
